 Dungeon Crawl Stone Soup version 0.27.1-1-g398f81649c (webtiles) character file.

Game seed: 12746803454832583312

50 jlumianski the Covered (level 3, 0/34 HPs)
             Began as a Deep Dwarf Fighter on Sept 8, 2021.
             Slain by an ogre (19 damage)
             ... on level 3 of the Dungeon.
             The game lasted 00:06:27 (2042 turns).

jlumianski the Covered (Deep Dwarf Fighter)         Turns: 2042, Time: 00:06:28

Health: 0/34       AC:  9    Str: 20    XL:     3   Next: 55%
Magic:  3/3        EV:  7    Int:  8    God:
Gold:   113        SH:  9    Dex: 12    Spells: 2/2 levels left

rFire    . . .     SeeInvis .   a - +0 war axe
rCold    . . .     Faith    .   c - +0 kite shield
rNeg     . . .     Spirit   .   b - +0 scale mail
rPois    .         Reflect  .   (no helmet)
rElec    .         Harm     .   f - +0 cloak
rCorr    .         Rampage  .   (no gloves)
Will     .....                  h - +0 pair of boots
Stlth    ..........             (no amulet)
HPRegen  0.00/turn              k - ring of wizardry
MPRegen  0.08/turn              (no ring)

@: mighty
A: damage resistance, heal wounds, sense surroundings 1, no regeneration
a: Heal Wounds


You were on level 3 of the Dungeon.
You visited 1 branch of the dungeon, and saw 3 of its levels.

You collected 113 gold pieces.

Inventory:

Hand Weapons
 a - a +0 war axe (weapon)
Missiles
 e - 48 stones
 j - 13 poisoned darts (quivered)
 o - 18 sling bullets
Armour
 b - a +0 scale mail (worn)
 c - a +0 kite shield (worn)
 f - a +0 cloak (worn)
 h - a +0 pair of boots (worn)
Jewellery
 k - a ring of wizardry (left hand)
 q - a ring of wizardry
Scrolls
 g - 2 scrolls of silence {unknown}
 m - a scroll of identify {unknown}
 p - 2 scrolls of magic mapping {unknown}
 r - 2 scrolls of fear {unknown}
 s - a scroll of teleportation {unknown}
 t - a scroll of holy word {unknown}
Potions
 d - 3 potions of might
 i - a potion of curing {unknown}
 l - a potion of mutation {unknown}
 n - a potion of degeneration {unknown}


   Skills:
 + Level 3.0 Fighting
 + Level 2.9 Axes
 + Level 3.9 Armour
 + Level 0.1 Dodging
 + Level 3.8 Shields


You had 2 spell levels left.
You didn't know any spells.
Your spell library was empty.

Dungeon Overview and Level Annotations

Branches:
Dungeon (3/15)

Altars:

Annotations:
D:2 1 runed translucent door, Crazy Yiuf


Innate Abilities, Weirdness & Mutations

You are resistant to damage.
You can heal yourself by infusing magical energy.
You passively map a small area around you.
You do not regenerate.


Message History

The poisoned dart closely misses the adder.
You hit the adder.
The adder is heavily wounded.
The adder bites you but does no damage. x2
You closely miss the adder.
The adder is heavily wounded.
The adder closely misses you. The adder bites you but does no damage.
You miss the adder.
The adder is heavily wounded.
You block the adder's attack. The adder closely misses you.
You slash the adder!
You kill the adder!
You see here an adder corpse.
j - 13 poisoned darts (gained 2)
j - 14 poisoned darts (gained 1)
Found 14 stones and a scroll labelled GIULUD FETILIC.
e - 48 stones (gained 14)
p - 2 scrolls labelled GIULUD FETILIC (gained 1)
Found a stone staircase leading down.
There is a stone staircase leading down here.
An ogre comes into view. It is wielding a +0 giant club.
The ogre shouts!
Throw: 14 darts (poison)
Press: ? - help, Q - select action, (/) - cycle Shift-Dir - straight line, f - ogre
Aim: an ogre, wielding a +0 giant club (73% to hit)
You throw a poisoned dart. The poisoned dart hits the ogre.
The ogre is poisoned.
You closely miss the ogre. The ogre hits you with a +0 giant club!
* * * LOW HITPOINT WARNING * * *
You fail to use your ability.
The ogre barely misses you.
You feel much better. You block the ogre's attack.
You aren't carrying any items that you can evoke.
You feel very mighty all of a sudden. The ogre hits you with a +0 giant club!
You barely miss the ogre.
The ogre is lightly wounded.
The ogre looks more healthy.
The ogre hits you with a +0 giant club!!
Ouch! That really hurt!
You die...

, , * ** * , , ,
##################
................@#
*
################O#
#(# #.# , * #.# ,
* ... #.., , ###


You could see an ogre.

Vanquished Creatures
  An adder (D:3)
  A worm (D:2)
  A dart slug (D:1)
  4 endoplasms
  A giant cockroach (D:2)
  4 goblins
  A hobgoblin (D:1)
  2 jackals (D:1)
  4 kobolds (D:1)
  A quokka (D:1)
  3 ball pythons (D:1)
  3 bats
  2 frilled lizards (D:1)
  9 rats
37 creatures vanquished.

Vanquished Creatures (others)
  A fungus (D:1)
  4 plants (D:1)
5 creatures vanquished.

Grand Total: 42 creatures vanquished

Notes
Turn   | Place    | Note
-------+----------+-------------------------------------------
     0 | D:1      | jlumianski the Deep Dwarf Fighter began the quest for the
                  | Orb.
     0 | D:1      | Reached XP level 1. HP: 20/20 MP: 1/1
   155 | D:1      | Found a faded altar of an unknown god.
   172 | D:1      | Reached XP level 2. HP: 21/27 MP: 2/2
   990 | D:1      | Reached XP level 3. HP: 16/34 MP: 3/3
  1344 | D:2      | Found a runed translucent door.
  1345 | D:2      | Noticed Crazy Yiuf
  2035 | D:3      | Noticed an ogre
  2042 | D:3      | Slain by an ogre

Illustrated notes

Levels and vault maps discovered:
D:1:      sevenhm_arrival_forest_fort_small_3, layout_basic,
          shapermc_ecumenical_altar_mp_ritualfount, patterned_corridor
D:2:      layout_basic, uniq_crazy_yiuf_cottage
D:3:      layout_basic

Skill      XL: |  1  2 |
---------------+-------+-----
Fighting       | 3 |  3.0
Axes           | |  2.9
Armour         | |  3.9
Dodging        | |  0.1
Shields        | |  3.8

Action                   || total
-------------------------++-------
Melee: War axe           ||    97
Throw: Stone             ||     8
       Dart              ||     9
 Abil: Heal Wounds       ||     1
  Use: Potion            ||     1
Armor: Scale mail        ||    40
Dodge: Dodged            ||    37
Block: Kite shield       ||    55
